 Dungeon Crawl Stone Soup version 0.27-a0-1301-g128193abf8 (webtiles) character file.

Game seed: 4924803235963761474

1151 lunkers the Zephyrmancer (level 8, 0/41 HPs)
             Began as a Tengu Air Elementalist on June 17, 2021.
             Succumbed to an adder's poison
             ... on level 4 of the Dungeon on June 21, 2021.
             The game lasted 00:12:07 (6674 turns).

lunkers the Zephyrmancer (Tengu Air Elementalist)   Turns: 6674, Time: 00:12:08

Health: 0/41       AC:  2    Str:  8    XL:     8   Next: 38%
Magic:  3/16       EV: 14    Int: 19    God:
Gold:   267        SH:  0    Dex: 14    Spells: 6/16 levels left

rFire    . . .     SeeInvis .   f - staff of conjuration
rCold    . . .     Faith    .   (no shield)
rNeg     . . .     Spirit   .   a - +0 robe
rPois    .         Reflect  .   (helmet restricted)
rElec    .         Harm     .   (no cloak)
rCorr    .         Rampage  .   (no gloves)
Will     .....                  (boots unavailable)
Stlth    ++........             i - amulet of the acrobat
HPRegen  0.13/turn              (no ring)
MPRegen  0.15/turn              (no ring)

@: lethally poisoned (0 -> -9), flying quickly and evasively, quick
A: beak, talons 3, nimble flight
a: no special abilities


You were on level 4 of the Dungeon.
You visited 1 branch of the dungeon, and saw 5 of its levels.

You collected 267 gold pieces.

Inventory:

Hand Weapons
 b - a +0 dagger
 m - a +1 short sword of flaming
Missiles
 e - 3 throwing nets
Armour
 a - a +0 robe (worn)
 j - a +0 kite shield
Magical Staves
 f - a staff of conjuration (weapon)
Jewellery
 i - an amulet of the acrobat (around neck)
Wands
 k - a wand of mindburst (14)
 s - a wand of flame (18)
Scrolls
 g - a scroll of noise {unknown}
 h - a scroll of fog {unknown}
 l - 2 scrolls of teleportation {unknown}
 n - 2 scrolls of vulnerability {unknown}
 r - a scroll of amnesia {unknown}
 u - a scroll of identify {unknown}
Potions
 c - 3 potions of haste {unknown}
 d - 3 potions of flight {unknown}
 o - 3 potions of heal wounds {unknown}
 p - a potion of invisibility {unknown}
 q - a potion of magic {unknown}
 t - a potion of lignification {unknown}


   Skills:
 - Level 2.1 Dodging
 - Level 2.0 Stealth
 + Level 4.9 Spellcasting
 + Level 5.4 Conjurations
 * Level 10.1 Air Magic


You had 6 spell levels left.
You knew the following spells:

 Your Spells              Type           Power      Damage    Failure   Level
a - Airstrike             Air            21%        N/A       1%          4
b - Static Discharge      Conj/Air       51%        N/A       1%          2
c - Swiftness             Air            43%        N/A       1%          3
d - Shock                 Conj/Air       100%       1d9       1%          1

Your spell library contained the following spells:

 Spells                   Type           Power      Damage    Failure   Level
 Magic Dart               Conj           100%       1d8       1%          1
 Searing Ray              Conj           76%        3d6       1%          2
 Poisonous Vapours        Pois/Air       48%        N/A       2%          2
 Mephitic Cloud           Conj/Pois/Air  36%        N/A       4%          3
 Dazzling Flash           Conj/Hex       44%        N/A       12%         3
 Animate Skeleton         Necr           8%         N/A       13%         1
 Pain                     Necr           16%        1d4       13%         1
 Sting                    Tmut/Pois      16%        1d3       13%         1
 Lightning Bolt           Conj/Air       25%        1d41      14%         5
 Ignite Poison            Fire/Tmut/Pois 4%         N/A       36%         3
 Vampiric Draining        Necr           2%         2d6       36%         3
 Fulminant Prism          Conj/Hex       11%        3d9       38%         4
 Iskenderun's Mystic Bla  Conj/Tloc      22%        2d6       38%         4
 Animate Dead             Necr           2%         N/A       77%         4
 Olgreb's Toxic Radiance  Pois           4%         N/A       77%         4
 Agony                    Necr           4%         N/A       98%         5


Dungeon Overview and Level Annotations

Branches:
Dungeon (5/15)
 Temple: D:4-7

Altars:


Innate Abilities, Weirdness & Mutations

You have a beak for a mouth.
You have claws for feet.
Your magical nature lets you fly swiftly and evasively.


Message History

There is a stone staircase leading down here.
Unknown command.
Unknown command.
Casting: Airstrike (dangerous; 1% risk of failure)
Confirm with . or Enter, or press ? or * to list all spells.
Aiming: Airstrike (dangerous; 1% risk of failure)
Press: ? - help, Dir - move target, f - sky beast
Aim: a sky beast The air twists around and strikes the sky beast!
The sky beast is severely wounded.
You feel sick. The sky beast hits you.
* * * LOW HITPOINT WARNING * * *
The sky beast shocks you.
* * * LOW HITPOINT WARNING * * *
The adder misses you.
Casting: Airstrike (dangerous; 1% risk of failure)
Confirm with . or Enter, or press ? or * to list all spells.
Aiming: Airstrike (dangerous; 1% risk of failure)
Press: ? - help, Dir - move target, f/p - sky beast
Aim: a sky beast (severely wounded)
The air twists around and strikes the sky beast!
You kill the sky beast!
You feel sick. The adder bites you.
* * * LOW HITPOINT WARNING * * *
You are lethally poisoned!
The adder poisons you!
Unknown command.
Unknown command.
Casting: Airstrike (dangerous; 1% risk of failure)
Confirm with . or Enter, or press ? or * to list all spells.
You feel a surge of power!
The adder is struck by an arc of lightning.
The adder is heavily wounded.
You are struck by an arc of lightning.
* * * LOW HITPOINT WARNING * * *
The adder is struck by an arc of lightning.
The adder is severely wounded.
The lightning grounds out.
* * * LOW MAGIC WARNING * * *
You die...

### ### ##### ##.## ##.##
##.#.### #...###...####......#
### ##....##.....#......## ..###
##......#...........####
<...###.......##..........##.#
#.........................#..##
........###.....S.##.#........#
..###.....#.....@......###....###
.###...................###....#..
.....†...#..............##.......
##.......#...#.........##.....†..
...#....)....#...................
..##..............###............
.##......).........#.............
..#.................>....#.......
..............#.....##.#.#.......


You could see an adder.

Vanquished Creatures
  An acid dragon (D:5)
  An ice beast (D:5)
  2 sky beasts
  A necrophage (D:5)
  A water moccasin zombie (D:5)
  A howler monkey (D:4)
  A jelly (D:5)
  A bullfrog skeleton (D:5)
  2 hounds
  An iguana (D:4)
  5 orc wizards (D:5)
  Natasha (thrice) (D:2)
  Robin (D:3)
  4 gnolls (D:3)
  4 adders (D:2)
  An adder skeleton (D:4)
  2 worms (D:2)
  A dart slug (D:1)
  9 orcs
  6 bats
  4 endoplasms
  6 giant cockroaches
  20 goblins
  11 hobgoblins
  18 jackals
  6 quokkas
  8 ball pythons
  3 frilled lizards
  7 kobolds
  A rat (D:3)
132 creatures vanquished.

Vanquished Creatures (others)
  An orc wizard (D:5)
1 creature vanquished.

Grand Total: 133 creatures vanquished

Notes
Turn   | Place    | Note
-------+----------+-------------------------------------------
     0 | D:1      | lunkers the Tengu Air Elementalist began the quest for the
                  | Orb.
     0 | D:1      | Reached XP level 1. HP: 10/10 MP: 4/4
   151 | D:1      | Reached XP level 2. HP: 11/15 MP: 0/6
   526 | D:1      | Reached skill level 5 in Air Magic
   530 | D:1      | Learned a level 2 spell: Static Discharge
   555 | D:1      | Reached XP level 3. HP: 19/19 MP: 4/7
  1149 | D:2      | Noticed Natasha
  1156 | D:2      | Killed Natasha
  1157 | D:2      | Reached XP level 4. HP: 22/24 MP: 1/9
  1361 | D:2      | Reached skill level 6 in Air Magic
  1410 | D:2      | Noticed Natasha
  1442 | D:2      | Killed Natasha
  1587 | D:2      | Gained mutation: Your magical nature lets you fly swiftly
                  | and evasively. [Tengu growth]
  1587 | D:2      | Reached XP level 5. HP: 18/28 MP: 7/10
  2317 | D:2      | Learned a level 3 spell: Swiftness
  2322 | D:2      | Learned a level 4 spell: Airstrike
  2479 | D:2      | Noticed Natasha
  2487 | D:2      | Killed Natasha
  2681 | D:3      | Reached skill level 7 in Air Magic
  3196 | D:4      | Reached XP level 6. HP: 30/32 MP: 9/12
  3197 | D:4      | Noticed a sky beast
  3349 | D:3      | Killed a sky beast
  4211 | D:3      | Noticed Robin
  4358 | D:3      | Killed Robin
  4933 | D:4      | Reached skill level 8 in Air Magic
  5194 | D:4      | Reached XP level 7. HP: 16/36 MP: 5/13
  5728 | D:5      | Entered Level 5 of the Dungeon
  5993 | D:5      | Reached skill level 9 in Air Magic
  6432 | D:5      | Reached XP level 8. HP: 37/41 MP: 10/15
  6448 | D:5      | Reached skill level 5 in Conjurations
  6613 | D:5      | Reached skill level 10 in Air Magic
  6674 | D:4      | HP: 1/41 [/static electricity (4)]
  6674 | D:4      | Succumbed to an adder's poison

Illustrated notes

Levels and vault maps discovered:
D:1:      dpeg_arrival_concentric_ovals, layout_basic, minmay_misc_feat_five
D:2:      layout_basic, kennysheep_generic_room_2, uniq_natasha
D:3:      kennysheep_goblin_castle, layout_basic, corexii_hall_statues_i
D:4:      layout_cave_pools, st_stairs_3
D:5:      layout_rooms, gammafunk_ghost_icy, minmay_a_box_with_orc_wizards_in_it

Skill      XL: |  1  2  3  4  5  6  7  8 |
---------------+-------------------------+-----
Air Magic      | 5 6 7 8 9 10 | 10.1
Spellcasting   | 3 4 |  4.9
Conjurations   | 2 3 4 5 |  5.4
Dodging        | |  2.1
Stealth        | |  2.0

Action                   |  1- 3 |  4- 6 |  7- 9 || total
-------------------------+-------+-------+-------++-------
Melee: Unarmed           |     2 |       |       ||     2
       Dagger            |     9 |       |       ||     9
       Kick              |     2 |     7 |     2 ||    11
       Peck              |     1 |     4 |     4 ||     9
       Staff             |       |    42 |    13 ||    55
 Cast: Shock             |    54 |    13 |       ||    67
       Static Discharge  |     3 |    65 |    27 ||    95
       Airstrike         |       |     5 |    15 ||    20
Armor: Robe              |     7 |    12 |     2 ||    21
Dodge: Dodged            |    22 |    97 |    28 ||   147

Table legend: (Time is in decaauts)
 A = Elapsed time spent in this place.
 B = Non-inter-level travel time spent in this place.
 C = Inter-level travel time spent in this place.
 D = Time resting spent in this place.
 E = Time spent auto-exploring this place.
 F = Levels seen in this place.
 G = Mean time per level.
                   A        B        C        D        E       F      G
               +--------+--------+--------+--------+--------+-----+--------+
         Total |   6478 |   6213 |    265 |    967 |   4436 |   5 | 1295.6 |
       Dungeon |   6478 |   6213 |    265 |    967 |   4436 |   5 | 1295.6 |
               +--------+--------+--------+--------+--------+-----+--------+

Top non-repeatable levels by time:
     D:3: 1814 daAuts
     D:4: 1539 daAuts
     D:2: 1474 daAuts
     D:1: 1128 daAuts
     D:5: 522 daAuts
